 Dungeon Crawl Stone Soup version 0.28.0-53-g5a82cb258f (webtiles) character file.

Game seed: 3978051658828372620

15064 quokkamancerX the Fighter (level 11, -3/94 (99) HPs)
             Began as a Purple Draconian Conjurer on May 26, 2022.
             Was an Elder of Ru.
             Slain by a chaos spawn (13 damage)
             ... on level 2 of the Abyss on May 27, 2022.
             The game lasted 01:31:06 (17987 turns).

quokkamancerX the Fighter (DrCj)                   Turns: 17987, Time: 01:31:07

HP:   -3/94 (99)    AC: 12    Str: 10      XL:     11   Next: 96%
MP:   21/30         EV:  8    Int: 32 (33) God:    Ru [****..]
Gold: 631           SH:  3    Dex: 10      Spells: 15/22 levels left

rFire   . . .      SeeInvis .   r - +2 short sword (freeze)
rCold   . . .      Faith    .   H - +0 buckler
rNeg    . . .      Spirit   .   (armour unavailable)
rPois   .          Reflect  .   q - +3 hat of Pondering {ponderous, Will+ MP+10 Int+5}
rElec   .          Harm     .   (no cloak)
rCorr   +          Rampage  .   n - +0 pair of gloves
Will    ++...                   y - +0 pair of boots
Stlth   +++.......              (no amulet)
HPRegen 0.25/turn               l - ring of resist corrosion
MPRegen 0.22/turn               x - +6 ring of intelligence

@: mighty, unable to drink, on berserk cooldown, slowed, studying Throwing,
drained, very slow
A: breathe power, AC +7, unfitting armour, frail 1, cold-blooded, inability to
drink while threatened, reduced EV 1
a: Breathe Dispelling Energy, Renounce Religion, Draw Out Power, Power Leap


You were on level 2 of the Abyss.
You worshipped Ru.
Ru was greatly pleased with you.
You visited 1 branch of the dungeon, and saw 11 of its levels.
You visited the Abyss 1 time.

You collected 687 gold pieces.
You spent 56 gold pieces at shops.

Inventory:

Hand Weapons
 r - a +2 short sword of freezing (weapon)
Missiles
 i - a throwing net
 j - 273 stones
Armour
 n - a +0 pair of gloves (worn)
 q - the +3 hat of Pondering (worn) {ponderous, Will+ MP+10 Int+5}
   (You took it off Gastronok on level 8 of the Dungeon)

   Int:       It affects your intelligence (+5).
   MP:        It affects your magic capacity (+10).
   Will:      It increases your willpower.
 y - a +0 pair of boots (worn)
 H - a +0 buckler (worn)
Magical Staves
 E - a staff of poison
Jewellery
 l - a ring of resist corrosion (left hand)
 v - a ring of positive energy
 x - a +6 ring of intelligence (right hand)
Wands
 g - a wand of iceblast (6)
 p - a wand of acid (3)
 B - a wand of flame (25)
 F - a wand of polymorph (3)
Scrolls
 a - 3 scrolls of fog
 c - a scroll of teleportation
 f - 2 scrolls of blinking
 h - a scroll of magic mapping
 k - 2 scrolls of summoning
 u - 2 scrolls of immolation
 w - 2 scrolls of enchant weapon
 C - a scroll of brand weapon
Potions
 b - 3 potions of lignification
 d - 4 potions of curing
 e - a potion of ambrosia
 m - 2 potions of flight
 o - 4 potions of mutation
 s - a potion of berserk rage
 t - a potion of magic {unknown}
 z - a potion of brilliance {unknown}
 A - a potion of attraction {unknown}
 D - a potion of heal wounds {unknown}
 G - a potion of resistance {unknown}


   Skills:
 - Level 14.0 Fighting
 + Level 7.0 Dodging
 - Level 5.0 Stealth
 - Level 6.0 Spellcasting
 - Level 10.0 Conjurations
 - Level 8.0 Evocations


You had 15 spell levels left.
You knew the following spells:

 Your Spells              Type           Power      Damage    Failure   Level
a - Magic Dart            Conj           100%       1d8       1%          1
b - Searing Ray           Conj           100%       2d8       1%          2
c - Fulminant Prism       Conj/Hex       20%        3d13      8%          4

Your spell library contained the following spells:

 Spells                   Type           Power      Damage    Failure   Level
 Dazzling Flash           Conj/Hex       82%        N/A       2%          3
 Mephitic Cloud           Conj/Pois/Air  30%        N/A       4%          3
 Apportation              Tloc           18%        N/A       6%          1
 Freeze                   Ice            36%        1d6       6%          1
 Sting                    Tmut/Pois      36%        1d4       6%          1
 Hailstorm                Conj/Ice       41%        3d10      8%          4
 Iskenderun's Mystic Bla  Conj/Tloc      41%        2d9       8%          4
 Call Imp                 Summ           9%         N/A       10%         2
 Corpse Rot               Necr/Air       18%        N/A       10%         2
 Poisonous Vapours        Pois/Air       18%        N/A       10%         2
 Sublimation of Blood     Necr           9%         N/A       10%         2
 Frozen Ramparts          Ice            18%        1d3       19%         3
 Ozocubu's Armour         Ice            9%         N/A       19%         3
 Irradiate                Conj/Tmut      20%        3d20      22%         5
 Olgreb's Toxic Radiance  Pois           9%         N/A       52%         4
 Iron Shot                Conj/Erth      20%        9d5       77%         6
 Alistair's Intoxication  Tmut/Pois      6%         N/A       86%         5
 Blade Hands              Tmut           4%         N/A       86%         5
 Lee's Rapid Deconstruct  Erth           4%         3d6*      86%         5
 Metabolic Englaciation   Hex/Ice        4%         N/A       86%         5
 Simulacrum               Ice/Necr       4%         N/A       100%        6
 Dragon Form              Tmut           4%         N/A       100%        7
 Infestation              Necr           4%         N/A       100%        8


Dungeon Overview and Level Annotations

Branches:
Dungeon (11/15)            Temple (0/1) D:6            Lair (0/6) D:10
    Orc (0/2) D:9

Altars:
Ashenzari
Dithmenos
Elyvilon
Fedhas
Gozag
Makhleb
Ru
Trog
Uskayaw
Vehumet
Wu Jian
Zin
The Shining One
Beogh

Shops:
D:5 *

Annotations:
D:7 2 transporters, firemarshallily's ghost, novice DsGl
D:11 Nergalle


Innate Abilities, Weirdness & Mutations

You can breathe bolts of dispelling energy.
Your rich purple scales are hard. (AC +7)
You cannot fit into any form of body armour.
You are frail. (-10% HP)
You are cold-blooded and may be slowed by cold attacks.
You sometimes lose the ability to drink potions when taking damage.
You have somewhat slow reflexes. (EV -5)


Message History

You can drink potions again.
The apocalypse crab barely misses you. The apocalypse crab claws you.
The apocalypse crab shocks you!
You feel threatened and lose the ability to drink potions!
You hit the apocalypse crab but do no damage.
The apocalypse crab is almost dead.
A raiju comes into view.
You block the apocalypse crab's attack.
The apocalypse crab completely misses you.
The raiju barks!
You hit the apocalypse crab.
The apocalypse crab is almost dead.
The apocalypse crab bites you but does no damage.
The apocalypse crab claws you.
You feel drained.
You hit the apocalypse crab but do no damage.
The apocalypse crab is almost dead.
You hit the apocalypse crab.
The apocalypse crab is almost dead.
You have got your breath back.
The apocalypse crab bites you.
You are engulfed in flames!
The apocalypse crab claws you but does no damage.
You hit the apocalypse crab but do no damage.
You tail-slap the apocalypse crab.
You kill the apocalypse crab!
That felt strangely unrewarding.
The chaos spawn closely misses you.
You see here an apocalypse crab corpse.
You feel a strong urge to attack something.
The raiju bursts into living lightning!
The living lightning hits you!
The raiju blinks!
You are no longer berserk.
You are exhausted.
You feel yourself slow down.
As you read the scroll of fog, it crumbles to dust.
The scroll dissolves into smoke.
The chaos spawn gores you!
* * * LOW HITPOINT WARNING * * *
The chaos spawn freezes you!
* * * LOW HITPOINT WARNING * * *
The chaos spawn hits you!
You die...

.## #..#
##..# . #
#... .#.
##..## #
#.##..#.##
.
..#.##.##
.. .
##..§#.§ .
.#.#.§§§##
. #..#@##
..
..#.§#4#
#.§h##
##§§.# #
## # ###


You could see a raiju and a chaos spawn.

Vanquished Creatures
  Gastronok (D:8)
  Harold (D:10)
  A hydra (D:9)
  A two-headed ogre (D:7)
  2 orc sorcerers (D:10)
  3 centaur zombies
  An apocalypse crab (Abyss:2)
  A komodo dragon (D:10)
  A troll (shapeshifter) (D:10)
  A slime creature (D:7)
  12 yaks
  A shadow (D:10)
  A wraith (D:10)
  A steam dragon (D:10)
  Menkaure (D:7)
  2 water moccasins
  Duvessa (D:7)
  8 orc warriors
  A black bear (D:10)
  3 ice beasts
  3 ogres
  2 necrophages
  7 centaurs
  A phantom (D:6)
  A kobold brigand (D:10)
  5 bullfrogs
  4 scorpions
  Dowan (D:7)
  8 wights
  11 killer bees
  4 howler monkeys
  A jelly (D:5)
  5 orc priests
  Ijyb (D:4)
  6 orc wizards
  2 iguanas (D:4)
  3 howler monkey zombies
  A howler monkey skeleton (D:6)
  4 gnolls
  4 adders
  A dart slug (D:1)
  38 orcs
  8 ball pythons
  8 endoplasms
  2 giant cockroaches (D:3)
  5 goblins
  7 hobgoblins
  7 jackals
  3 quokkas
  A bat (D:2)
  6 frilled lizards
  8 kobolds
  9 rats
221 creatures vanquished.

Vanquished Creatures (others)
  A wraith (D:10)
  A white imp (D:7)
  31 fulminant prisms
  8 fungi (D:10)
  19 plants
60 creatures vanquished.

Grand Total: 281 creatures vanquished

Notes
Turn   | Place    | Note
-------+----------+-------------------------------------------
     0 | D:1      | quokkamancerX the Draconian Conjurer began the quest for
                  | the Orb.
     0 | D:1      | Reached XP level 1. HP: 14/14 MP: 3/3
   385 | D:1      | Found a faded altar of an unknown god.
   475 | D:1      | Reached XP level 2. HP: 20/20 MP: 2/5
  1124 | D:2      | Reached XP level 3. HP: 26/26 MP: 3/7
  1166 | D:2      | Found a sacrificial altar of Ru.
  1174 | D:2      | Became a worshipper of Ru the Awakened
  2215 | D:2      | Reached XP level 4. HP: 22/33 MP: 6/10
  2939 | D:3      | Learned a level 2 spell: Searing Ray
  3266 | D:3      | Gained mutation: You sometimes lose the ability to drink
                  | potions when taking damage. [Ru sacrifice]
  3266 | D:3      | Reached * piety under Ru
  3484 | D:3      | Found an opulent altar of Gozag.
  3553 | D:3      | Noticed a necrophage
  3782 | D:3      | Reached XP level 5. HP: 38/38 MP: 4/11
  3988 | D:3      | Found a glowing silver altar of Zin.
  3989 | D:3      | Found a glowing golden altar of the Shining One.
  3990 | D:3      | Found a white marble altar of Elyvilon.
  4265 | D:4      | Noticed an ogre
  4319 | D:4      | Found a sacrificial altar of Ru.
  4320 | D:4      | Found a radiant altar of Vehumet.
  4321 | D:4      | Found an ornate altar of the Wu Jian Council.
  4323 | D:4      | Found a burning altar of Makhleb.
  4323 | D:4      | Found a hide-covered altar of Uskayaw.
  4323 | D:4      | Found a shadowy altar of Dithmenos.
  4323 | D:4      | Noticed a centaur
  4332 | D:4      | Killed a centaur
  4614 | D:4      | Reached skill level 5 in Stealth
  4614 | D:4      | Reached XP level 6. HP: 42/45 MP: 6/12
  4734 | D:4      | Found a bloodstained altar of Trog.
  4837 | D:3      | Reached skill level 5 in Conjurations
  5175 | D:4      | Noticed Ijyb
  5202 | D:4      | Killed Ijyb
  5494 | D:4      | Your scales start taking on a rich purple colour.
  5494 | D:4      | Reached XP level 7. HP: 50/50 MP: 5/14
  5840 | D:5      | Entered Level 5 of the Dungeon
  6426 | D:5      | Found a broken altar of Ashenzari.
  6426 | D:5      | Found a blossoming altar of Fedhas.
  6676 | D:5      | Found Aleseuh's Assorted Antiques.
  6738 | D:5      | Bought a scroll of identify for 56 gold pieces
  6911 | D:6      | Found a staircase to the Ecumenical Temple.
  6919 | D:6      | Identified the +0 flail of Terror {protect, rPois rF+++
                  | rC++ Str-5 Int-4}
  7090 | D:6      | Reached XP level 8. HP: 9/57 MP: 1/15
  7619 | D:6      | HP: 1/57 [ice beast (13)]
  8196 | D:6      | Gained mutation: You are frail. (-10% HP) [Ru sacrifice]
  8196 | D:6      | Reached ** piety under Ru
  8196 | D:6      | Reached *** piety under Ru
  8281 | D:6      | Reached skill level 10 in Conjurations
  8281 | D:6      | Reached skill level 1 in Evocations
  9014 | D:7      | Noticed a two-headed ogre
  9024 | D:7      | HP: 2/51 [two-headed ogre/+0 giant club (9)]
  9026 | D:7      | Killed a two-headed ogre
  9027 | D:7      | Reached XP level 9. HP: 3/55 MP: 2/16
  9422 | D:7      | Noticed a moth of wrath
  9471 | D:7      | Found a transporter.
  9471 | D:7      | Found a transporter.
  9502 | D:7      | Noticed firemarshallily's ghost (novice DsGl)
  9506 | D:7      | Found a bloodstained altar of Trog.
  9585 | D:7      | Noticed Dowan
 10441 | D:7      | Noticed Menkaure
 10448 | D:7      | Killed Menkaure
 10449 | D:7      | Reached skill level 5 in Spellcasting
 10735 | D:7      | You fall into a shaft and drop 2 floors!
 10815 | D:9      | Reached skill level 11 in Fighting
 10815 | D:9      | Reached XP level 10. HP: 86/86 MP: 18/18
 10976 | D:8      | Noticed Gastronok
 11314 | D:9      | Noticed an eight-headed hydra
 11706 | D:7      | Killed Dowan
 11744 | D:7      | Noticed Duvessa
 11753 | D:7      | Killed Duvessa
 11937 | D:8      | Killed Gastronok
 11938 | D:8      | Reached skill level 12 in Fighting
 11938 | D:8      | Reached XP level 11. HP: 80/94 MP: 3/20
 12726 | D:8      | Gained mutation: You have somewhat slow reflexes. (EV -5)
                  | [Ru sacrifice]
 12726 | D:8      | Reached **** piety under Ru
 12936 | D:9      | Reached skill level 13 in Fighting
 12994 | D:9      | Learned a level 4 spell: Fulminant Prism
 13157 | D:9      | HP: 1/96 [eight-headed hydra (7)]
 13158 | D:9      | Killed an eight-headed hydra
 14220 | D:9      | Found a staircase to the Orcish Mines.
 14325 | D:10     | Entered Level 10 of the Dungeon
 14528 | D:10     | Noticed Harold
 14778 | D:10     | Reached skill level 14 in Fighting
 14778 | D:10     | Killed Harold
 15540 | D:10     | Noticed an orc sorcerer
 16066 | D:10     | Reached skill level 5 in Dodging
 16275 | D:10     | Found a staircase to the Lair.
 16898 | D:10     | Noticed an orc sorcerer
 16910 | D:10     | Killed an orc sorcerer
 16926 | D:10     | Killed an orc sorcerer
 17049 | D:10     | Got the Grimoire of Compression
 17562 | D:11     | Noticed Nergalle
 17566 | D:11     | Cast into level 1 of the Abyss (spectral orc knight)
 17698 | Abyss:1  | Noticed a tentacled starspawn
 17716 | Abyss:1  | Noticed a glowing orange brain
 17805 | Abyss:1  | Noticed a wretched star
 17861 | Abyss:2  | Noticed a glowing orange brain
 17875 | Abyss:2  | Noticed a vampire mage
 17892 | Abyss:2  | Noticed a sun demon
 17892 | Abyss:2  | Noticed a sun demon
 17892 | Abyss:2  | Noticed a sun demon
 17893 | Abyss:2  | Noticed a thrashing horror
 17931 | Abyss:2  | Noticed a thrashing horror
 17987 | Abyss:2  | Slain by a chaos spawn

Illustrated notes

Levels and vault maps discovered:
D:1:      psy_arrival_spokes, layout_basic,
          hellmonk_ecumenical_altar_pennies_from_heaven
D:2:      minmay_diamond_boxcup, layout_loops_corners, basic_altar
D:3:      layout_basic, good_gods_temple_1, mainiacjoe_overflow_24_doors
D:4:      layout_loops_cross, grunt_temple_overflow_open, uniq_ijyb
D:5:      layout_loops_ring, chequers_temple_overflow_statue_of_worship,
          serial_shops, nicolae_shop_overgrown_old_shop,
          hangedman_abyss_or_decor_lesser_grid, chequers_serial_rivers_small_b,
          abandoned_shop
D:6:      layout_basic, minmay_temple_entry_gardened_gates
D:7:      layout_layer_cave, gammafunk_ghost_wrathful_warriors,
          lightli_orcish_oven, uniq_menkaure, uniq_duvessa
D:8:      layout_loops_ring, uniq_gastronok
D:9:      layout_roguey, david_orc_5, minmay_checkerbox
D:10:     cheibrodos_wizards_tower, layout_stronghold,
          grunt_lair_entry_orc_guard_hut, minmay_diced_spiral, uniq_harold
D:11:     layout_basic, uniq_maurice, uniq_nergalle
Abyss:2:  base: D:8, bh_abyss_negative

Skill      XL: |  1  2  3  4  5  6  7  8  9 10 11 |
---------------+----------------------------------+-----
Spellcasting   | 3 4 5 6 |  6.0
Stealth        | 2 3 5 |  5.0
Conjurations   | 6 8 10 | 10.0
Evocations     | 6 8 |  8.0
Fighting       | 11 12 14 | 14.0
Dodging        | 7 |  7.0

Action                   |  1- 3 |  4- 6 |  7- 9 | 10-12 || total
-------------------------+-------+-------+-------+-------++-------
Melee: Unarmed           |    35 |       |       |       ||    35
       Tailslap          |     2 |     1 |     2 |     7 ||    12
       Mace              |    16 |    26 |       |       ||    42
       Short sword       |       |       |    16 |    37 ||    53
       Punch             |       |       |       |     1 ||     1
 Cast: Magic Dart        |    80 |    95 |    43 |    58 ||   276
       Searing Ray       |       |    11 |    33 |    71 ||   115
       Fulminant Prism   |       |       |       |    31 ||    31
Invok: Sacrifice Drink   |       |     1 |       |       ||     1
       Sacrifice Health  |       |       |     1 |     1 ||     2
       Draw Out Power    |       |       |     1 |       ||     1
 Abil: Breathe Dispellin |       |       |    12 |    15 ||    27
Evoke: Wand              |       |       |     2 |     6 ||     8
  Use: Scroll            |       |     6 |     9 |     5 ||    20
       Potion            |       |       |     1 |       ||     1
 Stab: Sleeping          |     1 |     1 |     1 |     5 ||     8
Armor: Skin              |    24 |    31 |    28 |   110 ||   193
Dodge: Dodged            |    60 |    27 |    49 |   107 ||   243
Block: Buckler           |       |       |       |     1 ||     1
